 Dungeon Crawl Stone Soup version 0.28-a0-998-gb9e9c7b67e (webtiles) character file.

Game seed: 7344135451483529534

248 DrunkBamboolord the Conjurer (level 6, -1/36 HPs)
             Began as an Octopode Conjurer on Dec 6, 2021.
             Slain by an iguana (8 damage)
             ... on level 5 of the Dungeon.
             The game lasted 00:12:24 (5613 turns).

DrunkBamboolord the Conjurer (Octopode Conjurer)    Turns: 5613, Time: 00:12:25

Health: -1/36      AC:  1    Str:  6    XL:     6   Next: 12%
Magic:  9/11       EV: 13    Int: 23    God:
Gold:   273        SH:  0    Dex: 10    Spells: 5/12 levels left

rFire   + . .      SeeInvis .   (no weapon)
rCold   + . .      Faith    .   (no shield)
rNeg    . . .      Spirit   .   (helmet restricted)
rPois   .          Reflect  .   (no amulet)
rElec   .          Harm     .   d - ring of protection from cold
rCorr   .          Rampage  .   i - ring of protection from fire
Will    .....                   (no ring)
Stlth   +++.......              (no ring)
HPRegen 0.12/turn               (no ring)
MPRegen 0.12/turn               (no ring)
                                (no ring)
                                (no ring)

@: no status effects
A: almost no armour, amphibious, 8 rings, camouflage 1, gelatinous body 1,
(nimble swimmer 1), tentacles
a: no special abilities


You were on level 5 of the Dungeon.
You visited 1 branch of the dungeon, and saw 5 of its levels.

You collected 273 gold pieces.

Inventory:

Jewellery
 d - a ring of protection from cold (left tentacle)
 i - a ring of protection from fire (right tentacle)
 l - an amulet of guardian spirit
 m - a ring of wizardry
Wands
 j - a wand of iceblast (13)
 k - a wand of flame (17)
Scrolls
 a - 2 scrolls of noise
 c - a scroll of teleportation
 f - a scroll of immolation
Potions
 e - a potion of mutation
 g - 2 potions of attraction {unknown}
 h - 2 potions of lignification {unknown}
 n - a potion of curing {unknown}


   Skills:
 * Level 2.7 Dodging
 + Level 3.3 Stealth
 * Level 3.5 Spellcasting
 * Level 5.5 Conjurations
 * Level 1.3 Hexes


You had 5 spell levels left.
You knew the following spells:

 Your Spells              Type           Power      Damage    Failure   Level
a - Magic Dart            Conj           100%       1d8       1%          1
b - Slow                  Hex            40%        N/A       6%          1
c - Searing Ray           Conj           58%        2d6       1%          2
d - Dazzling Flash        Conj/Hex       38%        N/A       8%          3

Your spell library contained the following spells:

 Spells                   Type           Power      Damage    Failure   Level
 Confusing Touch          Hex            10%        N/A       19%         3
 Fulminant Prism          Conj/Hex       9%         3d7       26%         4
 Gell's Gravitas          Tloc           4%         N/A       32%         3
 Lesser Beckoning         Tloc           4%         N/A       32%         3
 Teleport Other           Tloc           4%         N/A       32%         3
 Vampiric Draining        Necr           4%         2d6       32%         3
 Iskenderun's Mystic Bla  Conj/Tloc      16%        2d5       34%         4
 Passage of Golubria      Tloc           4%         N/A       73%         4
 Silence                  Hex/Air        3%         N/A       93%         5
 Dispersal                Tloc           2%         N/A       100%        6
 Lehudib's Crystal Spear  Conj/Erth      8%         10d3      100%        8


Dungeon Overview and Level Annotations

Branches:
Dungeon (5/15)
 Temple: D:4-7

Altars:


Innate Abilities, Weirdness & Mutations

You cannot wear most types of armour.
You are amphibious.
You can wear up to eight rings at the same time.
Your skin changes colour to match your surroundings (Stealth+).
Your rubbery body absorbs attacks. (AC +1, EV +1)
((You are camouflaged near water. (Stealth+)))
You have tentacles for arms and can constrict up to eight enemies at once.


Message History

The iguana is severely wounded.
The iguana bites you!
Unknown command.
Aiming: Magic Dart (safe; 1% risk of failure)
Press: ? - help, Q - select action, (/) - cycle Shift-Dir - straight line, f/p - iguana
Aim: an iguana (severely wounded, 100% to hit)
The magic dart hits the iguana but does no damage.
The iguana is severely wounded.
The iguana barely misses you.
Unknown command.
Aiming: Magic Dart (safe; 1% risk of failure)
Press: ? - help, Q - select action, (/) - cycle Shift-Dir - straight line, f/p - iguana
Aim: an iguana (severely wounded, 100% to hit)
The magic dart hits the iguana.
The iguana is severely wounded.
The iguana bites you!
* * * LOW HITPOINT WARNING * * *
There is an open door here.
Okay, then.
The iguana closely misses you. Magic courses through your body.
Casting: Magic Dart (safe; 1% risk of failure)
Confirm with . or Enter, or press ? or * to list all spells.
Aiming: Searing Ray (safe; 1% risk of failure)
Press: ? - help, Shift-Dir - straight line, f/p - iguana
Aim: an iguana (severely wounded, 82% to hit)
Okay, then.
Casting: Searing Ray (safe; 1% risk of failure)
Confirm with . or Enter, or press ? or * to list all spells.
Okay, then.
Casting: Searing Ray (safe; 1% risk of failure)
Confirm with . or Enter, or press ? or * to list all spells.
Aiming: Searing Ray (safe; 1% risk of failure)
Press: ? - help, Shift-Dir - straight line, f/p - iguana
Aim: an iguana (severely wounded, 82% to hit)
The searing ray hits the iguana but does no damage.
The iguana is severely wounded. (Press . to maintain the ray.)
The iguana bites you!
You die...

#.# #.......#.. #.#
###.#.#.# #.# #...<.#.#
#.# #..#....# #.#
#.....###### #.#
#####......# #.#
.......####.#
#.####################.#
#..........l@..........#
########################


You could see an iguana.

Vanquished Creatures
  2 iguanas (D:4)
  3 gnolls (D:3)
  6 adders
  An ufetubus (D:4)
  2 worms
  3 dart slugs
  7 orcs
  9 endoplasms
  5 giant cockroaches
  12 hobgoblins
  4 jackals (D:3)
  7 kobolds
  A quokka (D:2)
  9 ball pythons
  6 bats
  A frilled lizard (D:3)
  3 goblins (D:3)
  8 rats
89 creatures vanquished.

Notes
Turn   | Place    | Note
-------+----------+-------------------------------------------
     0 | D:1      | DrunkBamboolord the Octopode Conjurer began the quest for
                  | the Orb.
     0 | D:1      | Reached XP level 1. HP: 11/11 MP: 3/3
   195 | D:1      | Learned a level 1 spell: Slow
   208 | D:1      | Reached XP level 2. HP: 17/17 MP: 1/5
   325 | D:1      | Learned a level 2 spell: Searing Ray
   992 | D:2      | Reached XP level 3. HP: 21/21 MP: 4/6
  1635 | D:2      | Reached XP level 4. HP: 27/27 MP: 5/7
  2164 | D:2      | Reached skill level 5 in Conjurations
  2594 | D:2      | Learned a level 3 spell: Dazzling Flash
  2666 | D:3      | Found a faded altar of an unknown god.
  2981 | D:3      | Noticed an ice beast
  3699 | D:3      | Reached skill level 1 in Hexes
  3699 | D:3      | Reached XP level 5. HP: 31/31 MP: 3/9
  4867 | D:4      | Reached XP level 6. HP: 36/36 MP: 7/11
  5534 | D:5      | Entered Level 5 of the Dungeon
  5613 | D:5      | Slain by an iguana

Illustrated notes

Levels and vault maps discovered:
D:1:      moated_graveyard_arrival, layout_basic
D:2:      layout_basic
D:3:      minmay_wonky_spiral, layout_basic, nicolae_ecumenical_pavilion
D:4:      layout_basic, enter_ossuary_5
D:5:      layout_basic, lemuel_blue_sif_altar, minmay_temple_entry_grid,
          ebering_ghost_reflecting_pool

Skill      XL: |  1  2  3  4 |
---------------+-------------+-----
Stealth        | 3 |  3.3
Conjurations   | 5 |  5.5
Spellcasting   | 3 |  3.5
Hexes          | 1 |  1.3
Dodging        | |  2.7

Action                   |  1- 3 |  4- 6 || total
-------------------------+-------+-------++-------
Melee: Unarmed           |    15 |    14 ||    29
       Constrict         |     5 |     2 ||     7
       Tentacles         |     2 |     1 ||     3
 Cast: Magic Dart        |    60 |   129 ||   189
       Searing Ray       |     3 |     8 ||    11
       Slow              |     1 |     5 ||     6
  Use: Scroll            |     4 |     3 ||     7
       Potion            |       |     1 ||     1
 Stab: Sleeping          |     1 |       ||     1
Armor: Skin              |     3 |     4 ||     7
Dodge: Dodged            |    17 |    33 ||    50

Table legend: (Time is in decaauts)
 A = Elapsed time spent in this place.
 B = Non-inter-level travel time spent in this place.
 C = Inter-level travel time spent in this place.
 D = Time resting spent in this place.
 E = Time spent auto-exploring this place.
 F = Levels seen in this place.
 G = Mean time per level.
                   A        B        C        D        E       F      G
               +--------+--------+--------+--------+--------+-----+--------+
         Total |   5613 |   5428 |    185 |    587 |   4072 |   5 | 1122.6 |
       Dungeon |   5613 |   5428 |    185 |    587 |   4072 |   5 | 1122.6 |
               +--------+--------+--------+--------+--------+-----+--------+

Top non-repeatable levels by time:
     D:2: 1818 daAuts
     D:3: 1681 daAuts
     D:4: 1089 daAuts
     D:1: 944 daAuts
     D:5: 78 daAuts
